 Dungeon Crawl Stone Soup version 0.23.2-1-ga50397a6bc (webtiles) character file.

Game seed: 11566574835809460428

58 Aksej the Ducker (level 3, -8/18 HPs)
             Began as a Felid Chaos Knight on Apr 25, 2019.
             Was a Plaything of Xom.
             Killed from afar by Ijyb (10 damage)
             ... with a wand of acid (10)
             ... on level 3 of the Dungeon.
             The game lasted 00:06:14 (2382 turns).

Aksej the Ducker (Felid Chaos Knight)               Turns: 2382, Time: 00:06:14

Health: -8/18      AC:  1    Str:  8    XL:     3   Next: 75%
Magic:  4/4        EV: 19    Int: 13    God:    Xom [.*....]
Gold:   129        SH:  0    Dex: 16    Spells: 2/2 levels left
                                        Lives:  0   Deaths: 1

rFire    . . .     SeeInvis +     - Unarmed
rCold    + . .     Gourm    +   (shield unavailable)
rNeg     . . .     Faith    .   (armour unavailable)
rPois    .         Spirit   .   (helmet unavailable)
rElec    .         Reflect  .   (cloak unavailable)
rCorr    .         Harm     .   (gloves unavailable)
MR       .....                  (boots unavailable)
Stlth    ++........             i - amulet of the gourmand
HPRegen  0.06/turn              d - ring of protection from cold
MPRegen  0.09/turn              (no ring)

@: quick
A: very small, no armour, no weapons or thrown items, stealth, claws 1, fangs 3,
see invisible, carnivore, speed 1, shaggy fur 1, slow metabolism 1, sharp paws
a: Renounce Religion


You were on level 3 of the Dungeon.
You worshipped Xom.
You were a plaything of Xom.
You were not hungry.

You visited 1 branch of the dungeon, and saw 3 of its levels.

You collected 129 gold pieces.

Inventory:

Jewellery
 d - a ring of protection from cold (left paw)
 i - an amulet of the gourmand (around neck)
Scrolls
 b - 2 scrolls of remove curse {unknown}
 f - a scroll of identify
Potions
 c - a potion of flight
 e - a potion of curing
Comestibles
 a - 3 rations


   Skills:
 + Level 3.6 Fighting
 * Level 4.3 Dodging
 * Level 2.0 Stealth
 + Level 4.0 Unarmed Combat


You had 2 spell levels left.
You didn't know any spells.
Your spell library was empty.

Dungeon Overview and Level Annotations

Branches:
Dungeon (3/15)

Altars:
Xom

Annotations:
D:3 Ijyb, Robin


Innate Abilities, Weirdness & Mutations

You cannot wear armour.
You are incapable of wielding weapons or throwing items.
Your paws allow you to move quietly. (Stealth)
You have sharp claws.
You have razor-sharp teeth.
You have supernaturally acute eyesight. (SInv)
You are carnivorous and can eat meat at any time.
You cover ground quickly.
You are covered in fur. (AC +1)
You have a slow metabolism.
Your sharp claws are effective at attacking unaware monsters.


Message History

You scratch Ijyb.
Ijyb is lightly wounded.
Ijyb closely misses you.
You barely miss Ijyb.
Ijyb is lightly wounded.
Ijyb barely misses you.
You closely miss Ijyb.
Ijyb is lightly wounded.
You claw Ijyb!
Ijyb is heavily wounded.
Ijyb barely misses you.
You claw Ijyb!
Ijyb is severely wounded.
Ijyb hits you.
* * * LOW HITPOINT WARNING * * *
You barely miss Ijyb.
Ijyb is severely wounded.
Ijyb zaps a wand.
The bolt of acid hits you!
Ouch! That really hurt!
You die...

# #.#........ #
#.#.#..#.### ....#..
####.#.#..#.# ....#.#
..........#.# ......#
......<##.#.# .....
####.####.#.# ..$.
.......##.#.# ..#
####.#.##.#.#####gb#
#...........b@b.#
###.......>...b..b...
###################


You could see Ijyb.

Vanquished Creatures
  Crazy Yiuf (D:2)
  A gnoll (D:3)
  2 adders
  An ooze (D:3)
  2 worms
  2 leopard geckos
  3 orcs (D:3)
  6 bats
  2 giant cockroaches (D:1)
  A goblin (D:3)
  3 hobgoblins
  2 kobolds (D:1)
  2 ball pythons
  5 frilled lizards
  3 rats
  A fungus (D:2)
37 creatures vanquished.

Notes
Turn   | Place    | Note
-------+----------+-------------------------------------------
     0 | D:1      | Aksej the Felid Chaos Knight began the quest for the Orb.
     0 | D:1      | Reached XP level 1. HP: 10/10 MP: 2/2
   115 | D:1      | XOM: harmless Hex miscast
   253 | D:1      | XOM: smoke on damage
   569 | D:1      | XOM: divination: magic mapping
   577 | D:1      | XOM: cast spell 'Summon Butterflies'
   588 | D:1      | XOM: harmless Conj miscast
   654 | D:1      | Reached XP level 2. HP: 13/14 MP: 3/3
  1082 | D:1      | XOM is BORED!
  1178 | D:2      | XOM: cloud trail
  1356 | D:2      | Reached XP level 3. HP: 14/17 MP: 4/4
  1479 | D:2      | XOM: scenery: 1 doors close
  1933 | D:2      | Found a runed translucent door.
  1934 | D:2      | Noticed Crazy Yiuf
  1945 | D:2      | XOM: butterfly on damage
  1947 | D:2      | XOM: cast spell 'Necromutation'
  1952 | D:2      | Killed Crazy Yiuf
  1952 | D:2      | Reached skill level 1 in Stealth
  2140 | D:3      | XOM: scenery: create altars
  2159 | D:3      | Reached XP level 4. HP: 16/21 MP: 5/5
  2159 | D:3      | XOM: enchant monster (good)
  2168 | D:3      | XOM: polymorph orc -> giant cockroach
  2169 | D:3      | XOM: butterfly on damage
  2175 | D:3      | Noticed Robin
  2177 | D:3      | Slain by a gnoll
  2178 | D:3      | Reached XP level 3. HP: -1/25 MP: 4/4
  2369 | D:3      | Noticed Ijyb
  2373 | D:3      | XOM: butterfly on damage
  2382 | D:3      | Killed from afar by Ijyb

Skill      XL: |  1  2  3 |
---------------+----------+-----
Dodging        | 4 |  4.3
Stealth        | 2 |  2.0
Unarmed Combat | 4 |  4.0
Fighting       | |  3.6

Action                   |  1- 3 |  4- 6 || total
-------------------------+-------+-------++-------
Melee: Unarmed           |   162 |    11 ||   173
       Bite              |     9 |     1 ||    10
       Punch             |     4 |       ||     4
  Use: Scroll            |     6 |       ||     6
       Potion            |     5 |     1 ||     6
 Stab: Sleeping          |     6 |       ||     6
  Eat: Chunk             |     9 |       ||     9
Armor: Skin              |     9 |     2 ||    11
Dodge: Dodged            |   122 |    17 ||   139
